ESL (28 & UNDER)
RIO GRANDE RATTLESNAKE @ NEWARK BULLDOGS
09/20/2028
 
TOP OF THE 1ST
Rio Grande Rattlesnake batting - Pitching for Newark Bulldogs : RHP Ben Larsen
Pitching: RHP Ben Larsen
Batting: RHB Jaime Delgado 0-0: Ball
1-0: Called Strike
1-1: Ball
2-1: Swinging Strike
2-2: Ball
3-2: Foul Ball, location: 2F
3-2: Fly out, F8 (Flyball, 78M)
Batting: RHB David Suarze 0-0: Ball
1-0: Foul Ball, location: 2F
1-1: Called Strike
1-2: Strikes out looking
Batting: LHB Claudio Rodríguez 0-0: Called Strike
0-1: Foul Ball, location: 2F
0-2: Strikes out looking
Top of the 1st over - 0 run(s), 0 hit(s), 0 error(s), 0 left on base; Rio Grande 0 - Newark 0
BOTTOM OF THE 1ST
Newark Bulldogs batting - Pitching for Rio Grande Rattlesnake : RHP Bryce Davis
Pitching: RHP Bryce Davis
Batting: RHB Wilson Flores 0-0: Ball
1-0: Swinging Strike
1-1: Swinging Strike
1-2: Ball
2-2: Strikes out looking
Batting: LHB Ángel Tuzzi 0-0: SINGLE (Flyball, 78S)
Batting: LHB Gabriel MacNeill 0-0: Ball
Ángel Tuzzi steals 2nd base
1-0: Ball
2-0: SINGLE (Groundball, 6D)
Ángel Tuzzi to third
Throwing error, E7
Ángel Tuzzi scores
Gabriel MacNeill to second
Batting: RHB Perry Henry 0-0: Swinging Strike
0-1: Foul Ball, location: 2F
0-2: Ball
1-2: Foul Ball, location: 2F
1-2: Foul Ball, location: 2F
1-2: Ball
2-2: Ball
3-2: Fly out, F9 (Flyball, 9)
Batting: LHB Wes Thompson 0-0: Ground out 6-3 (Groundball, 6)
Bottom of the 1st over - 1 run(s), 2 hit(s), 1 error(s), 1 left on base; Rio Grande 0 - Newark 1
TOP OF THE 2ND
Rio Grande Rattlesnake batting - Pitching for Newark Bulldogs : RHP Ben Larsen
Batting: RHB Joe Courtier 0-0: Called Strike
0-1: Foul Ball, location: 2F
0-2: Ball
1-2: Ball
2-2: Ball
3-2: TRIPLE (Line Drive, 8LXD)
Batting: RHB Jeff Bane 0-0: Ball
1-0: Called Strike
1-1: Fly out, F8 (Line Drive, 78M)
Runner from 3rd tags up, SCORES, throw made
Batting: RHB Iván De Jesús 0-0: Called Strike
0-1: Ball
1-1: Swinging Strike
1-2: Strikes out looking
Batting: SHB William Daly 0-0: Ball
1-0: Ball
2-0: Called Strike
2-1: Ball
3-1: Base on Balls
Batting: SHB Jeremy Holmes 0-0: Ball
1-0: Foul Ball, location: 2F
1-1: Called Strike
1-2: Ground out U3 (Groundball, 34)
Top of the 2nd over - 1 run(s), 1 hit(s), 0 error(s), 1 left on base; Rio Grande 1 - Newark 1
BOTTOM OF THE 2ND
Newark Bulldogs batting - Pitching for Rio Grande Rattlesnake : RHP Bryce Davis
Batting: RHB Norris Howard 0-0: Fly out, F5 (Line Drive, 5)
Batting: LHB Jorge Hernández 0-0: Ball
1-0: Called Strike
1-1: Ball
2-1: Ball
3-1: SINGLE (Line Drive, 56D)
Batting: RHB Joe Baker 0-0: Ball
1-0: Ball
2-0: Foul Ball, location: 2F
2-1: Grounds into double play, 6-4-3 (Groundball, 6)
Bottom of the 2nd over - 0 run(s), 1 hit(s), 0 error(s), 0 left on base; Rio Grande 1 - Newark 1
TOP OF THE 3RD
Rio Grande Rattlesnake batting - Pitching for Newark Bulldogs : RHP Ben Larsen
Batting: RHB Cristián Román 0-0: Fly out, F7 (Flyball, 78D)
Batting: RHB Jaime Delgado 0-0: Ball
1-0: Fly out, F9 (Flyball, 89D)
Batting: RHB David Suarze 0-0: Ball
1-0: Ball
2-0: Ball
3-0: Base on Balls
Batting: LHB Claudio Rodríguez 0-0: Ball
1-0: Ball
2-0: Ball
David Suarze steals 2nd base
3-0: Called Strike
3-1: Base on Balls
Batting: RHB Joe Courtier 0-0: Called Strike
0-1: SINGLE (Line Drive, 56)
David Suarze to third
Claudio Rodríguez to second
Runner from 3rd tries for Home, SAFE, no throw
Batting: RHB Jeff Bane 0-0: Swinging Strike
0-1: Ball
1-1: Fly out, F9 (Flyball, 9)
Top of the 3rd over - 1 run(s), 1 hit(s), 0 error(s), 2 left on base; Rio Grande 2 - Newark 1
BOTTOM OF THE 3RD
Newark Bulldogs batting - Pitching for Rio Grande Rattlesnake : RHP Bryce Davis
Batting: LHB Paco Córdova 0-0: Ball
1-0: Fly out, F7 (Flyball, 78S)
Batting: RHB Wilson Flores 0-0: DOUBLE (Flyball, 9LM)
Batting: LHB Ángel Tuzzi 0-0: Called Strike
0-1: Foul Ball, location: 2F
0-2: Fly out, F7 (Line Drive, 78M)
Batting: LHB Gabriel MacNeill 0-0: Ball
1-0: Foul Ball, location: 2F
1-1: Foul Ball, location: 2F
1-2: Fly out, F8 (Flyball, 8LS)
Bottom of the 3rd over - 0 run(s), 1 hit(s), 0 error(s), 1 left on base; Rio Grande 2 - Newark 1
TOP OF THE 4TH
Rio Grande Rattlesnake batting - Pitching for Newark Bulldogs : RHP Ben Larsen
Batting: RHB Iván De Jesús 0-0: Ball
1-0: Ball
2-0: Swinging Strike
2-1: Ball
3-1: Foul Ball, location: 2F
3-2: Foul Ball, location: 2F
3-2: Base on Balls
Batting: SHB William Daly 0-0: Foul Ball, location: 2F
0-1: Ball
1-1: Ball
2-1: Called Strike
2-2: Ground out 4-3 (Groundball, 4D)
Iván De Jesús to second
Batting: SHB Jeremy Holmes 0-0: Ball
1-0: Called Strike
1-1: Swinging Strike
1-2: Fly out, F7 (Flyball, 78S)
Batting: RHB Cristián Román 0-0: Ball
1-0: Hit by Pitch
Batting: RHB Jaime Delgado 0-0: Swinging Strike
0-1: Ball
1-1: Swinging Strike
1-2: Foul Ball, location: 2F
1-2: Foul Ball, location: 2F
1-2: 3-RUN HOME RUN (Flyball, 9D), Distance : 380 ft
Batting: RHB David Suarze 0-0: Ball
1-0: Foul Ball, location: 2F
1-1: Called Strike
1-2: Strikes out swinging
Top of the 4th over - 3 run(s), 1 hit(s), 0 error(s), 0 left on base; Rio Grande 5 - Newark 1
BOTTOM OF THE 4TH
Newark Bulldogs batting - Pitching for Rio Grande Rattlesnake : RHP Bryce Davis
Batting: RHB Perry Henry 0-0: Foul Ball, location: 2F
0-1: Ball
1-1: Ball
2-1: Foul Ball, location: 2F
2-2: Ball
3-2: Foul Ball, location: 2F
3-2: Base on Balls
Batting: LHB Wes Thompson 0-0: Called Strike
0-1: Ball
1-1: Swinging Strike
1-2: Strikes out looking
Batting: RHB Norris Howard 0-0: Ball
1-0: Foul Ball, location: 2F
1-1: DOUBLE (Line Drive, 7LM)
Perry Henry to third
Runner from 3rd tries for Home, SAFE, no throw
Batting: LHB Jorge Hernández 0-0: Called Strike
0-1: Ball
1-1: Ball
2-1: Called Strike
2-2: Ball
3-2: SINGLE (Groundball, 34D)
Norris Howard to third
Batting: RHB Joe Baker 0-0: Called Strike
0-1: Ball
1-1: Foul Ball, location: 2F
1-2: Foul Ball, location: 2F
1-2: SINGLE (Line Drive, 56D)
Norris Howard scores
Jorge Hernández to second
Batting: LHB Paco Córdova 0-0: Called Strike
Joe Baker steals 2nd base
Jorge Hernández to third
0-1: Ball
1-1: Swinging Strike
1-2: Foul Ball, location: 2F
1-2: SINGLE (Line Drive, 4MD)
Jorge Hernández scores
Joe Baker to third
Runner from 3rd tries for Home, SAFE, throw made home
Batting: RHB Wilson Flores 0-0: Foul Ball, location: 2F
0-1: Hit by Pitch
Paco Córdova to second
Batting: LHB Ángel Tuzzi 0-0: Ball
1-0: Ball
2-0: Called Strike
2-1: Ball
3-1: Base on Balls
Paco Córdova to third
Wilson Flores to second
Batting: LHB Gabriel MacNeill 0-0: Called Strike
0-1: Foul Ball, location: 2F
0-2: Ball
1-2: Ball
2-2: Fly out, F9 (Flyball, 89M)
Batting: RHB Perry Henry 0-0: Ball
1-0: Ball
2-0: Foul Ball, location: 2F
2-1: Called Strike
2-2: Foul Ball, location: 2F
2-2: Ball
3-2: Foul Ball, location: 2F
3-2: Foul Ball, location: 2F
3-2: Base on Balls
Paco Córdova scores
Wilson Flores to third
Ángel Tuzzi to second
Batting: LHB Wes Thompson 0-0: Called Strike
0-1: Called Strike
0-2: Foul Ball, location: 2F
0-2: Fielders Choice at 2nd, 4-6 (Groundball, 4)
Bottom of the 4th over - 5 run(s), 4 hit(s), 0 error(s), 2 left on base; Rio Grande 5 - Newark 6
TOP OF THE 5TH
Rio Grande Rattlesnake batting - Pitching for Newark Bulldogs : RHP Ben Larsen
Pitching: RHP Sam Mathis
Batting: LHB Claudio Rodríguez 0-0: Ball
1-0: Fly out, F9 (Flyball, 9S)
Batting: RHB Joe Courtier 0-0: Ball
1-0: Ball
2-0: Ball
3-0: Called Strike
3-1: Base on Balls
Batting: RHB Jeff Bane 0-0: Swinging Strike
0-1: Ball
1-1: Ball
2-1: Ball
3-1: Base on Balls
Joe Courtier to second
Batting: RHB Iván De Jesús 0-0: Ball
1-0: Called Strike
1-1: Ball
2-1: Foul Ball, location: 2F
2-2: Foul Ball, location: 2F
2-2: Foul Ball, location: 2F
2-2: Foul Ball, location: 2F
2-2: Foul Ball, location: 2F
2-2: Fly out, F9 (Line Drive, 89S)
Batting: SHB William Daly 0-0: Foul Ball, location: 2F
0-1: Ball
1-1: Foul Ball, location: 2F
1-2: Ball
2-2: Foul Ball, location: 2F
2-2: Ball
3-2: Foul Ball, location: 2F
3-2: Foul Ball, location: 2F
3-2: Ground out U3 (Groundball, 34)
Top of the 5th over - 0 run(s), 0 hit(s), 0 error(s), 2 left on base; Rio Grande 5 - Newark 6
BOTTOM OF THE 5TH
Newark Bulldogs batting - Pitching for Rio Grande Rattlesnake : RHP Bryce Davis
Pitching: RHP Albert Gonzáles
Batting: RHB Norris Howard 0-0: Called Strike
0-1: Foul Ball, location: 2F
0-2: Foul Ball, location: 2F
0-2: Ball
1-2: Ground out 1-3 (Groundball, 13)
Batting: LHB Jorge Hernández 0-0: Foul Ball, location: 2F
0-1: Ball
1-1: Called Strike
1-2: Strikes out swinging
Batting: RHB Joe Baker 0-0: Called Strike
0-1: Ball
1-1: Foul Ball, location: 2F
1-2: Ball
2-2: SINGLE (Groundball, 6D)
Batting: LHB Paco Córdova 0-0: Ball
1-0: Fly out, F6 (Popup, 6)
Bottom of the 5th over - 0 run(s), 1 hit(s), 0 error(s), 1 left on base; Rio Grande 5 - Newark 6
TOP OF THE 6TH
Rio Grande Rattlesnake batting - Pitching for Newark Bulldogs : RHP Sam Mathis
Batting: SHB Jeremy Holmes 0-0: Ball
1-0: Foul Ball, location: 2F
1-1: Foul Ball, location: 2F
1-2: Ground out 4-3 (Groundball, 4M)
Batting: RHB Cristián Román 0-0: Called Strike
0-1: SINGLE (Line Drive, 4MD)
Batting: RHB Jaime Delgado 0-0: Ball
1-0: Ball
2-0: Swinging Strike
2-1: Foul Ball, location: 2F
2-2: Ball
3-2: Grounds into double play, 5-4-3 (Groundball, 5)
Top of the 6th over - 0 run(s), 1 hit(s), 0 error(s), 0 left on base; Rio Grande 5 - Newark 6
BOTTOM OF THE 6TH
Newark Bulldogs batting - Pitching for Rio Grande Rattlesnake : RHP Albert Gonzáles
Batting: RHB Wilson Flores 0-0: Ball
1-0: Ball
2-0: Called Strike
2-1: Ground out 6-3 (Groundball, 56)
Batting: LHB Ángel Tuzzi 0-0: Called Strike
0-1: Fly out, F7 (Line Drive, 7)
Batting: LHB Gabriel MacNeill 0-0: Ground out 1-3 (Groundball, P)
Bottom of the 6th over - 0 run(s), 0 hit(s), 0 error(s), 0 left on base; Rio Grande 5 - Newark 6
TOP OF THE 7TH
Rio Grande Rattlesnake batting - Pitching for Newark Bulldogs : RHP Sam Mathis
Batting: RHB David Suarze 0-0: Foul Ball, location: 2F
0-1: Foul Ball, location: 2F
0-2: Foul Ball, location: 2F
0-2: Foul Ball, location: 2F
0-2: Ball
1-2: Ball
2-2: Ball
3-2: Base on Balls
Batting: LHB Claudio Rodríguez 0-0: Ball
1-0: Swinging Strike
1-1: Called Strike
1-2: Foul Ball, location: 2F
1-2: Strikes out swinging
Batting: RHB Joe Courtier 0-0: Ground out U3 (Groundball, 3S)
David Suarze to second
Batting: RHB Jeff Bane 0-0: Ball
1-0: Ball
2-0: SINGLE (Line Drive, 6D)
David Suarze to third
Runner from 3rd tries for Home, SAFE, no throw
Batting: RHB Iván De Jesús 0-0: Ball
1-0: Swinging Strike
1-1: Ball
2-1: Foul Ball, location: 2F
2-2: Foul Ball, location: 2F
2-2: Ball
3-2: Foul Ball, location: 2F
3-2: SINGLE (Line Drive, 56D)
Jeff Bane to second
Jeff Bane to third
Batting: SHB William Daly 0-0: Ball
1-0: Called Strike
1-1: Ball
2-1: Foul Ball, location: 2F
2-2: Ball
3-2: Strikes out swinging
Top of the 7th over - 1 run(s), 2 hit(s), 0 error(s), 2 left on base; Rio Grande 6 - Newark 6
BOTTOM OF THE 7TH
Newark Bulldogs batting - Pitching for Rio Grande Rattlesnake : RHP Albert Gonzáles
Pinch Hitting: RHB Emílio Salas 0-0: Ball
1-0: Ground out 4-3 (Groundball, 4)
Batting: LHB Wes Thompson 0-0: Called Strike
0-1: Hit by Pitch
Batting: RHB Norris Howard 0-0: Swinging Strike
0-1: Ball
1-1: Called Strike
1-2: 2-RUN HOME RUN (Flyball, 7D), Distance : 356 ft
Batting: LHB Jorge Hernández 0-0: Called Strike
0-1: Ball
1-1: Foul Ball, location: 2F
1-2: Strikes out swinging
Batting: RHB Joe Baker 0-0: Called Strike
0-1: Ball
1-1: Foul Ball, location: 2F
1-2: Foul Ball, location: 2F
1-2: Strikes out swinging
Bottom of the 7th over - 2 run(s), 1 hit(s), 0 error(s), 0 left on base; Rio Grande 6 - Newark 8
TOP OF THE 8TH
Rio Grande Rattlesnake batting - Pitching for Newark Bulldogs : RHP Sam Mathis
Pitching: RHP Roberto Cordero
Now at 2B: Stan Simpson
Now in RF: Michael Skinner
Batting: SHB Jeremy Holmes 0-0: Ball
1-0: Ground out 4-3 (Groundball, 4M)
Batting: RHB Cristián Román 0-0: Called Strike
0-1: Fly out, F8 (Line Drive, 8LS)
Batting: RHB Jaime Delgado 0-0: Ball
1-0: Ball
2-0: Ball
3-0: Called Strike
3-1: DOUBLE (Line Drive, 7)
Pitching: RHP Chris Johns
Batting: RHB David Suarze 0-0: Ball
1-0: Ball
2-0: Ball
3-0: Base on Balls
Batting: LHB Claudio Rodríguez 0-0: Ball
1-0: 3-RUN HOME RUN (Flyball, 9D), Distance : 371 ft
Batting: RHB Joe Courtier 0-0: Ball
1-0: Called Strike
1-1: TRIPLE (Line Drive, 78M)
Pitching: RHP Jim Cook
Batting: RHB Jeff Bane 0-0: DOUBLE (Flyball, 9LM)
Joe Courtier scores
Batting: RHB Iván De Jesús 0-0: Called Strike
0-1: Foul Ball, location: 2F
0-2: Strikes out looking
Top of the 8th over - 4 run(s), 4 hit(s), 0 error(s), 1 left on base; Rio Grande 10 - Newark 8
BOTTOM OF THE 8TH
Newark Bulldogs batting - Pitching for Rio Grande Rattlesnake : RHP Albert Gonzáles
Batting: LHB Paco Córdova 0-0: Ball
1-0: Foul Ball, location: 2F
1-1: Foul Ball, location: 2F
1-2: Fly out, F3 (Line Drive, 34)
Batting: RHB Wilson Flores 0-0: Ball
1-0: Fly out, F5 (Popup, 5S)
Batting: LHB Ángel Tuzzi 0-0: Foul Ball, location: 2F
0-1: Ground out U3 (Groundball, 3L)
Bottom of the 8th over - 0 run(s), 0 hit(s), 0 error(s), 0 left on base; Rio Grande 10 - Newark 8
TOP OF THE 9TH
Rio Grande Rattlesnake batting - Pitching for Newark Bulldogs : RHP Jim Cook
Batting: SHB William Daly 0-0: Called Strike
0-1: Ground out 5-3 (Groundball, 56S)
Batting: SHB Jeremy Holmes 0-0: DOUBLE (Line Drive, 89S)
Batting: RHB Cristián Román 0-0: Called Strike
0-1: Ball
1-1: Foul Ball, location: 2F
1-2: Ball
Wild Pitch!
Jeremy Holmes to third
2-2: Ball
3-2: Foul Ball, location: 2F
3-2: Base on Balls
Pitching: RHP Bart Brown
Batting: RHB Jaime Delgado 0-0: Ball
1-0: Fly out, F5 (Line Drive, 56)
Batting: RHB David Suarze 0-0: SINGLE (Groundball, 25) (infield hit)
Jeremy Holmes scores
Cristián Román to second
Batting: LHB Claudio Rodríguez 0-0: Ball
1-0: Foul Ball, location: 2F
1-1: SINGLE (Groundball, 4D)
Cristián Román to third
David Suarze to second
Runner from 3rd tries for Home, throw and OUT!
Top of the 9th over - 1 run(s), 3 hit(s), 0 error(s), 2 left on base; Rio Grande 11 - Newark 8
BOTTOM OF THE 9TH
Newark Bulldogs batting - Pitching for Rio Grande Rattlesnake : RHP Albert Gonzáles
Pitching: RHP Adrián Mora
Batting: LHB Gabriel MacNeill 0-0: Ball
1-0: Ball
2-0: Swinging Strike
2-1: SINGLE (Flyball, 78S)
Batting: RHB Michael Skinner 0-0: Grounds into double play, 5-4-3 (Groundball, 56)
Batting: LHB Wes Thompson 0-0: Ball
1-0: Ground out 6-3 (Groundball, 6D)
Bottom of the 9th over - 0 run(s), 1 hit(s), 0 error(s), 0 left on base; Rio Grande 11 - Newark 8
Tuesday, August 8th, 2017 - OOTP Baseball 17.12 Build 75